 Dungeon Crawl Stone Soup version 0.26.1-11-gd32895ea62 (webtiles) character file.

Game seed: 17303445966937209536

1319 jlumianski the Summoner (level 8, -7/31 HPs)
             Began as a Felid Summoner on May 15, 2021.
             Was a Believer of Makhleb.
             Mangled by Harold
             ... wielding a +2 vorpal trident
              (22 damage)
             ... on level 8 of the Dungeon.
             The game lasted 01:18:04 (11645 turns).

jlumianski the Summoner (Felid Summoner)           Turns: 11645, Time: 01:18:05

Health: -7/31      AC:  3    Str:  4    XL:     8   Next: 33%
Magic:  11/28      EV: 19    Int: 19    God:    Makhleb [**....]
Gold:   452        SH:  0    Dex: 24    Spells: 11/20 levels left
                                        Lives:  0   Deaths: 2

rFire    . . .     SeeInvis +     - Unarmed
rCold    . . .     Faith    +   (shield unavailable)
rNeg     . . .     Spirit   .   (armour unavailable)
rPois    .         Reflect  .   (helmet unavailable)
rElec    .         Harm     .   (cloak unavailable)
rCorr    .         Rampage  .   (gloves unavailable)
Will     +....                  (boots unavailable)
Stlth    ++++......             j - amulet of faith
HPRegen  0.10/turn              e - ring of magical power
MPRegen  0.21/turn              f - +6 ring of dexterity

@: quick
A: very small, no armour, no weapons or thrown items, stealth, claws 1, fangs 3,
rugged brown scales 1, see invisible, agile 1, speed 1, sense surroundings 1,
shaggy fur 2, sharp paws
a: Renounce Religion, Minor Destruction


You were on level 8 of the Dungeon.
You worshipped Makhleb.
Makhleb was pleased with you.
You visited 1 branch of the dungeon, and saw 8 of its levels.

You collected 452 gold pieces.

Inventory:

Jewellery
 e - a ring of magical power (left paw)
 f - a +6 ring of dexterity (right paw)
 j - an amulet of faith (around neck)
 p - an uncursed ring of teleportation
 s - a cursed -4 ring of protection
 t - an uncursed ring of willpower
Wands
 l - a wand of flame (13)
 m - a wand of polymorph (7)
 r - a wand of enslavement (4)
 v - a wand of iceblast (10)
Scrolls
 b - 4 scrolls of remove curse
 d - 2 scrolls of fear
 g - 11 scrolls of identify
 h - 4 scrolls of amnesia
 i - a scroll of enchant armour
 n - a scroll of magic mapping
 o - a scroll of teleportation
Potions
 a - 4 potions of brilliance
 c - 3 potions of curing
 k - a potion of heal wounds
 q - a potion of berserk rage
 u - a potion of haste


   Skills:
 + Level 0.8 Fighting
 + Level 3.0 Dodging
 + Level 6.0 Stealth
 + Level 1.3 Unarmed Combat
 + Level 6.9 Spellcasting
 + Level 0.4 Hexes
 + Level 8.5 Summonings
 * Level 2.4 Invocations


You had 11 spell levels left.
You knew the following spells:

 Your Spells              Type           Power        Failure   Level
a - Summon Small Mammal   Summ           100%         1%          1
b - Call Imp              Summ           38%          1%          2
c - Call Canine Familiar  Summ           38%          1%          3
d - Summon Guardian Gole  Hex/Summ       23%          4%          3

Your spell library contained the following spells:

 Spells                   Type           Power        Failure   Level
 Corona                   Hex            8%           9%          1
 Animate Skeleton         Necr           12%          11%         1
 Apportation              Tloc           12%          11%         1
 Ensorcelled Hibernation  Hex/Ice        14%          14%         2
 Summon Ice Beast         Ice/Summ       22%          19%         4
 Summon Lightning Spire   Summ/Air       22%          19%         4
 Confusing Touch          Hex            8%           26%         3
 Tukima's Dance           Hex            8%           26%         3
 Dazzling Flash           Conj/Hex       14%          28%         3


Dungeon Overview and Level Annotations

Branches:
Dungeon (8/15)             Temple (0/1) D:6            Lair (0/6) D:8

Altars:
Dithmenos
Gozag
Makhleb
Okawaru
Ru
Uskayaw
Yredelemnul

Annotations:
D:8 Erica, Harold


Innate Abilities, Weirdness & Mutations

You cannot wear armour.
You are incapable of wielding weapons or throwing items.
Your paws allow you to move quietly. (Stealth)
You have sharp claws.
You have razor-sharp teeth.
You have supernaturally acute eyesight. (SInv)
You cover ground quickly.
You are covered in thick fur. (AC +2)
Your sharp claws are effective at attacking unaware monsters.
You are partially covered in rugged brown scales. (AC +1, +3% HP)
You are agile. (Dex +2)
You passively map a small area around you.


Message History

Your guardian golem explodes!
The fiery explosion engulfs your wolf!!!
Your wolf dies!
Your wolf's corpse disappears in a puff of smoke!
Your crimson imp blinks!
Unknown command.
Casting: Summon Guardian Golem (dangerous; 4% risk of failure)
Confirm with . or Enter, or press ? or * to list all spells.
A beastly little devil appears in a puff of frigid air.
Attack: -) Teeth and claws
Press: ? - help, Dir - move target, f - you, p - Harold
Okay, then.
You swap places.
Your crimson imp hits Harold.
Your crimson imp barely misses Harold.
Harold pauses a moment, imagining something with a smile on his face.
Your crimson imp hits Harold but does no damage.
You swap places.
Harold hits you from afar with a +2 vorpal trident!!
Ouch! That really hurt!
You die...

######### #.§..h......##B*
#.. ........#
#5###<5.###.##.* #..
######### #@#.......# ##.
#.. #...(...#
#h#..r@.......@ #..
..#####.# #5#...5$..#.##.
#..
#.#####.###.###...###.##>*
#.. ............#
#...#......########
###.##...##.#######.#*
#.........
.##.##...##.55@§@5..#
#.....§...
.##.##...############
#.........
.##.##..............#
##########
.##.##.<....#######.# #..
....#....#### #.#.# #..
#####.##.########...# #..
......##.#......5.### #).
##.#####.#.######## #..
##.# #.#5#


You could see Harold, 2 friendly crimson imps and a friendly white imp
(summoned).

Vanquished Creatures
  A bullfrog (D:8)
  A scorpion (D:7)
  An orc priest (D:4)
  An orc wizard (D:4)
  A centaur skeleton (D:6)
  An adder skeleton (D:7)
  2 leopard geckos
  2 orcs
  2 giant cockroaches
  2 goblins (D:1)
  2 jackals (D:6)
  2 quokkas
  2 bats
  A frilled lizard (D:2)
  A kobold (D:1)
22 creatures vanquished.

Vanquished Creatures (collateral kills)
  Pikel (D:7)
  A wyvern (D:8)
  Sigmund (D:2)
  A water moccasin (D:7)
  3 ice beasts
  An eye of draining (D:8)
  A necrophage (D:7)
  3 phantoms
  3 ogres
  An orc warrior (D:5)
  A centaur (D:8)
  A lemure (D:7)
  Blork the orc (D:5)
  A bullfrog (D:7)
  A water moccasin zombie (D:8)
  A scorpion (D:4)
  A killer bee (D:4)
  2 jellies
  3 orc priests
  4 hounds
  A bullfrog skeleton (D:7)
  Jessica (D:3)
  An iguana (D:4)
  Ijyb (D:3)
  4 orc wizards
  Natasha (thrice) (D:3)
  6 worker ants
  A hound skeleton (D:7)
  A howler monkey zombie (D:6)
  A worker ant zombie (D:5)
  4 adders
  7 gnolls
  3 ufetubi
  2 oozes
  An adder zombie (D:5)
  An adder skeleton (D:2)
  5 worms
  2 dart slugs
  5 leopard geckos
  25 orcs
  2 ball pythons
  3 giant cockroaches
  5 goblins
  4 hobgoblins
  6 jackals
  2 quokkas
  A ball python zombie (D:5)
  3 bats
  9 frilled lizards
  A jackal skeleton (D:5)
  8 kobolds
  A leopard gecko skeleton (D:4)
  A leopard gecko zombie (D:8)
  6 rats
159 creatures vanquished.

Vanquished Creatures (others)
  A hornet (D:8)
  An orc warrior (D:7)
  A lemure (D:7)
  A gnoll sergeant (D:8)
  An orc wizard (D:7)
  A dart slug (D:1)
6 creatures vanquished.

Grand Total: 187 creatures vanquished

Notes
Turn   | Place    | Note
-------+----------+-------------------------------------------
     0 | D:1      | jlumianski the Felid Summoner began the quest for the Orb.
     0 | D:1      | Reached XP level 1. HP: 7/7 MP: 4/4
   302 | D:1      | Reached XP level 2. HP: 11/11 MP: 0/6
   372 | D:1      | Learned a level 2 spell: Call Imp
  1798 | D:2      | Reached XP level 3. HP: 14/14 MP: 7/7
  2288 | D:2      | You fall into a shaft and drop 1 floor!
  2363 | D:2      | Noticed Sigmund
  2551 | D:2      | Killed Sigmund
  2552 | D:2      | Reached XP level 4. HP: 13/18 MP: 9/10
  2871 | D:3      | Noticed Jessica
  2878 | D:2      | Learned a level 3 spell: Call Canine Familiar
  2890 | D:3      | Killed Jessica
  2891 | D:3      | Reached XP level 5. HP: 21/21 MP: 9/11
  2925 | D:3      | Noticed Ijyb
  3031 | D:3      | Killed Ijyb
  3032 | D:3      | Reached skill level 5 in Summonings
  3258 | D:3      | Noticed Natasha
  3265 | D:3      | Killed Natasha
  3286 | D:3      | Noticed Natasha
  3290 | D:3      | Killed Natasha
  3388 | D:3      | Gained mutation: You passively map a small area around you.
                  | [potion of mutation]
  3388 | D:3      | Gained mutation: You are occasionally teleported next to
                  | monsters. [potion of mutation]
  3388 | D:3      | Gained mutation: You have an increased reservoir of magic.
                  | (+10% MP) [potion of mutation]
  3389 | D:3      | Lost mutation: You are occasionally teleported next to
                  | monsters. [potion of mutation]
  3389 | D:3      | Lost mutation: You have an increased reservoir of magic.
                  | (+10% MP) [potion of mutation]
  3389 | D:3      | Gained mutation: You are agile. (Dex +2) [potion of
                  | mutation]
  3389 | D:3      | Gained mutation: You are partially covered in rugged brown
                  | scales. (AC +1, +3% HP) [potion of mutation]
  3429 | D:3      | Found a sacrificial altar of Ru.
  3674 | D:3      | Noticed Natasha
  3681 | D:3      | Killed Natasha
  4024 | D:4      | Noticed a phantom
  4057 | D:4      | Killed a phantom
  4058 | D:4      | Gained mutation: You are covered in thick fur. (AC +2)
                  | [Felid growth]
  4058 | D:4      | Reached XP level 6. HP: 24/24 MP: 13/13
  4210 | D:4      | Reached skill level 6 in Summonings
  5555 | D:4      | Found a basalt altar of Yredelemnul.
  5555 | D:4      | Found an opulent altar of Gozag.
  5563 | D:4      | Found a shadowy altar of Dithmenos.
  5570 | D:4      | Found a burning altar of Makhleb.
  5572 | D:4      | Found a hide-covered altar of Uskayaw.
  5579 | D:4      | Became a worshipper of Makhleb the Destroyer
  5647 | D:5      | Entered Level 5 of the Dungeon
  5791 | D:4      | Slain by a killer bee
  5792 | D:4      | Reached XP level 5. HP: -1/21 MP: 11/22
  5924 | D:5      | Reached XP level 6. HP: 21/24 MP: 12/14
  6219 | D:4      | Reached skill level 5 in Spellcasting
  6608 | D:4      | Reached * piety under Makhleb
  7019 | D:5      | Noticed Blork the orc
  7067 | D:5      | Killed Blork the orc
  7068 | D:5      | Reached skill level 1 in Unarmed Combat
  7500 | D:6      | Reached XP level 7. HP: 28/28 MP: 14/15
  7780 | D:6      | Found a staircase to the Ecumenical Temple.
  8039 | D:5      | Reached skill level 7 in Summonings
  8292 | D:6      | Learned a level 3 spell: Summon Guardian Golem
  8294 | D:6      | Found an iron altar of Okawaru.
  8833 | D:6      | Reached skill level 1 in Invocations
  9012 | D:6      | Reached ** piety under Makhleb
  9050 | D:7      | Killed from afar by an orc priest
  9051 | D:7      | Reached XP level 6. HP: -3/25 MP: 24/24
  9053 | D:7      | Noticed a water moccasin
  9063 | D:7      | Killed a water moccasin
  9064 | D:7      | Reached skill level 5 in Stealth
  9092 | D:7      | Noticed an ice beast
  9108 | D:7      | Killed an ice beast
  9109 | D:7      | Reached XP level 7. HP: 28/28 MP: 16/16
  9565 | D:7      | Noticed Pikel
  9688 | D:7      | Killed Pikel
 10060 | D:8      | Reached skill level 8 in Summonings
 10132 | D:8      | Reached XP level 8. HP: 27/31 MP: 1/18
 10857 | D:8      | Noticed a hornet
 10922 | D:8      | Killed a hornet
 11280 | D:8      | Noticed Erica
 11566 | D:8      | Noticed Harold
 11645 | D:8      | Mangled by Harold

Illustrated notes

Levels and vault maps discovered:
D:1:      shiori_arrival_oz, layout_loops_ring
D:2:      layout_rooms, uniq_sigmund
D:3:      layout_rooms, nicolae_ru_awakened_eye, uniq_natasha, uniq_jessica,
          uniq_ijyb
D:4:      layout_basic, chequers_temple_overflow_minitemple
D:5:      cheibrodos_fzero, layout_gridville, uniq_blork_the_orc
D:6:      layout_gridville, kennysheep_okawaru_gauntlet,
          minmay_temple_entry_statues_fountains
D:7:      layout_rooms, uniq_pikel
D:8:      kennysheep_spiral_hall, layout_loops_ring, serial_co_window_serial,
          co_window_corner_a, co_window_corner_a, co_window_paths_b,
          co_window_paths_b, co_window_paths_a, co_window_paths_a,
          co_window_paths_a, co_window_corner_a, co_window_paths_a,
          co_window_unsneaky_path_a, co_window_cross_3,
          co_window_of_opportunity_b, co_window_corner_b, co_window_corner_b,
          co_window_corner_ca, co_window_of_opportunity_c, glass_columns_a,
          uniq_erica, uniq_harold, uniq_maurice

Skill      XL: |  1  2  3  4  5  6  7  8 |
---------------+-------------------------+-----
Stealth        | 3 5 6 |  6.0
Spellcasting   | 3 4 5 6 |  6.9
Summonings     | 5 6 8 |  8.5
Unarmed Combat | 1 |  1.3
Invocations    | 2 |  2.4
Dodging        | 3 |  3.0
Fighting       | |  0.8
Hexes          | |  0.4

Action                   |  1- 3 |  4- 6 |  7- 9 || total
-------------------------+-------+-------+-------++-------
Melee: Unarmed           |    22 |    30 |    28 ||    80
       Bite              |     1 |     3 |     3 ||     7
 Cast: Summon Small Mamm |    71 |   111 |    68 ||   250
       Call Imp          |    42 |    77 |    80 ||   199
       Call Canine Famil |       |    38 |    49 ||    87
       Summon Guardian G |       |       |    11 ||    11
Invok: Minor Destruction |       |       |     1 ||     1
Evoke: Wand              |       |       |     2 ||     2
  Use: Scroll            |     1 |    10 |     2 ||    13
       Potion            |       |     9 |     1 ||    10
 Stab: Sleeping          |     4 |     9 |     9 ||    22
       Distracted        |     1 |     3 |       ||     4
Armor: Skin              |     6 |    11 |     3 ||    20
Dodge: Dodged            |    39 |   137 |    67 ||   243
